 Dungeon Crawl Stone Soup version 0.31.0-11-ge490571c62 (webtiles) character file.

Game seed: 9283888711109847588

4979 Yore the Fighter (level 10, -1/102 HPs)
             Began as a Gargoyle Fighter on Feb 2, 2024.
             Was a Believer of the Shining One.
             Engulfed by a smoke demon's steam (6 damage)
             ... summoned by a kobold demonologist
             ... on level 9 of the Dungeon.
             The game lasted 00:12:44 (7311 turns).

Yore the Fighter (Gargoyle Fighter)                 Turns: 7311, Time: 00:12:44

Health: -1/102     AC: 26    Str: 22    XL:     10   Next: 53%
Magic:  16/16      EV:  8    Int:  9    God:    the Shining One [**....]
Gold:   531        SH:  5    Dex: 13    Spells: 9/9 levels left

rFire   . . .        l - +4 whip (venom)
rCold   . . .        c - +0 buckler
rNeg    + + .        r - +3 chain mail
rPois   ∞            b - +0 helmet
rElec   +            p - +1 cloak of Bedevilment {rElec}
rCorr   +            (no gloves)
SInv    .            m - +0 pair of boots "Wago" {Regen+ Str+2}
Will    +....        (no amulet) Stlth
                     I - ring of resist corrosion
HPRegen 1.17/turn    H - ring of willpower
MPRegen 0.15/turn

%: no passive effects
@: brilliant, berserking, spiked, glowing, very quick
A: sickness immunity, AC +7, negative energy resistance 1, electricity
resistance, torment resistance 1, petrification resistance
a: Renounce Religion, Divine Shield


You were on level 9 of the Dungeon.
You worshipped the Shining One.
The Shining One was pleased with you.
You visited 2 branches of the dungeon, and saw 10 of its levels.

You collected 531 gold pieces.

Inventory:

Hand Weapons
 a - a +0 morningstar
 l - a +4 whip of venom (weapon)
Missiles
 f - 4 javelins (quivered)
 s - 3 boomerangs
Armour
 b - a +0 helmet (worn)
 c - a +0 buckler (worn)
 m - the +0 pair of boots "Wago" (worn) {Regen+ Str+2}
   (You found it on level 3 of the Dungeon)

   Str+2:     It affects your strength (+2).
   Regen+:    It increases your rate of health regeneration.
 p - the +1 cloak of Bedevilment (worn) {rElec}
   (You found it on level 3 of the Dungeon)

   rElec:     It insulates you from electricity.
 r - a +3 chain mail (worn)
Jewellery
 H - a ring of willpower (right hand)
 I - a ring of resist corrosion (left hand)
Wands
 x - a wand of roots (6)
 y - a wand of quicksilver (10)
 C - a wand of mindburst (14)
 F - a wand of charming (7)
Scrolls
 h - a scroll of enchant armour {unknown}
 i - a scroll of amnesia {unknown}
 j - 3 scrolls of revelation {unknown}
 k - 3 scrolls of identify {unknown}
 n - a scroll of fog {unknown}
 q - a scroll of teleportation {unknown}
 t - 3 scrolls of enchant weapon {unknown}
 u - 3 scrolls of poison {unknown}
 w - 4 scrolls of fear {unknown}
 E - a scroll of immolation {unknown}
 G - a scroll of brand weapon {unknown}
 J - a scroll of vulnerability {unknown}
Potions
 d - 4 potions of might
 e - 2 potions of curing
 g - a potion of enlightenment {unknown}
 o - 2 potions of brilliance
 v - a potion of lignification {unknown}
 z - a potion of ambrosia {unknown}
 A - a potion of heal wounds {unknown}
 B - 2 potions of degeneration {unknown}
 D - a potion of haste {unknown}
 K - a potion of berserk rage
 L - a potion of mutation {unknown}


   Skills:
 * Level 10.7 Fighting
 + Level 6.7 Maces & Flails
 + Level 7.8 Armour
 - Level 4.0 Shields
 * Level 8.2 Invocations


You had 9 spell levels left.
You didn't know any spells.
Your spell library contained the following spells:

 Spells                   Type           Power      Damage    Failure   Level
 Necrotise                Necr           0%         1d4       95%         1
 Call Canine Familiar     Summ           0%         N/A       100%        3
 Frozen Ramparts          Ice            0%         1d1       100%        3
 Sigil of Binding         Hex            0%         N/A       100%        3
 Vampiric Draining        Necr           0%         2d6       100%        3
 Dimensional Bullseye     Hex/Tloc       0%         N/A       100%        4
 Leda's Liquefaction      Alch/Erth      0%         N/A       100%        4
 Martyr's Knell           Necr/Summ      0%         N/A       100%        4
 Petrify                  Alch/Erth      0%         N/A       100%        4
 Curse of Agony           Necr           0%         N/A       100%        5
 Metabolic Englaciation   Hex/Ice        0%         N/A       100%        5


Dungeon Overview and Level Annotations

Branches:
Dungeon (9/15)             Temple (1/1) D:4            Lair (0/5) D:8
    Orc: D:9-12

Altars:
Ashenzari
Cheibriados
Dithmenos
Elyvilon
Fedhas
Gozag
Hepliaklqana
Kikubaaqudgha
Makhleb
Nemelex Xobeh
Okawaru
Qazlal
Ru
Sif Muna
Trog
Uskayaw
Vehumet
Wu Jian
Xom
Yredelemnul
Zin
The Shining One

Shops:
D:1 [   D:3 (

Annotations:
D:6 1 runed translucent door, snackwell's ghost, novice DgSh


Innate Abilities, Weirdness & Mutations

You are immune to sickness and miasma.
Your stone body is resilient. (AC +7)
You are immune to poison.
You resist negative energy. (rN+)
You are resistant to electric shocks. (rElec)
You are resistant to unholy torment.
You are immune to petrification.


Message History

The smoke demon hits you but does no damage.
The smoke demon barely misses you.
The smoke demon hits you but does no damage.
The red devil hits you from afar with a +3 demon trident of pain.
Barbed spikes become lodged in your body.
The kobold demonologist hits you but does no damage.
Okay, then.
Unknown command.
It was a potion of curing.
You feel better. The smoke demon gestures at you. The ball of steam hits you!
The red devil hits you from afar with a +3 demon trident of pain!
* * * LOW HITPOINT WARNING * * *
Barbed spikes become lodged in your body.
The kobold demonologist hits you but does no damage.
It was a potion of brilliance.
You feel clever all of a sudden.
You are engulfed in a cloud of scalding steam.
* * * LOW HITPOINT WARNING * * *
The smoke demon barely misses you. x2
The smoke demon hits you but does no damage.
The red devil hits you from afar with a +3 demon trident of pain.
* * * LOW HITPOINT WARNING * * *
Barbed spikes become lodged in your body.
The iron imp spits at you.
The kobold demonologist gestures wildly while chanting.
It was a potion of berserk rage.
A red film seems to cover your vision as you go berserk!
You feel yourself moving faster!
You feel mighty!
You are engulfed in a cloud of scalding steam.
The red devil disappears in a puff of smoke!
The iron imp disappears in a puff of smoke!
The smoke demon hits you but does no damage. x3
The quasit bites you but does no damage.
You block the quasit's attack. The quasit barely misses you.
The kobold demonologist casts a spell.
You hit the kobold demonologist.
The kobold demonologist is almost dead.
You are engulfed in a cloud of scalding steam.
You die...

#################
.................
#.........#..... #
#............... #.
#...............
..##.§###...............
....?5K@................
.....535.........<......
###########....######...
#.##.# #..# #.##.# #..#
#....# ##... .#####
#.... . #.... .. #..##


You could see a kobold demonologist (extremely poisoned), a smoke demon
(summoned), an iron imp (summoned), a quasit (summoned) and a shadow imp
(summoned).

Vanquished Creatures
  Pikel (D:7)
  Maurice (D:7)
  A komodo dragon (D:8)
  A troll (D:9)
  A wyvern (D:8)
  Eustachio (D:5)
  2 steam dragons
  Duvessa (D:5)
  A water moccasin (D:5)
  2 sky beasts
  4 ice beasts
  2 ogres
  3 centaurs
  2 phantoms (D:6)
  3 lemures (D:7)
  4 bullfrogs
  A kobold brigand (D:8)
  A scorpion (D:5)
  Dowan (D:5)
  2 howler monkeys (D:3)
  6 hounds
  5 orc priests
  2 jellies
  2 gnoll boudas
  3 sleepcaps
  4 iguanas
  13 orc wizards
  Robin (D:2)
  15 gnolls
  5 adders
  3 shadow imps
  A white imp (D:6)
  2 ufetubi (D:6)
  A dart slug (D:2)
  A ribbon worm (D:4)
  43 orcs
  3 bats
  6 endoplasms
  5 giant cockroaches
  12 goblins
  5 hobgoblins
  30 jackals
  4 quokkas
  7 ball pythons
  5 frilled lizards
  14 kobolds
  8 rats
241 creatures vanquished.

Vanquished Creatures (others)
  An orc (D:5)
1 creature vanquished.

Grand Total: 242 creatures vanquished

Notes
Turn   | Place    | Note
-------+----------+-------------------------------------------
     0 | D:1      | Yore the Gargoyle Fighter began the quest for the Orb.
     0 | D:1      | Reached XP level 1. HP: 14/14 MP: 1/1
   191 | D:1      | Found Naamirr's Antique Armour Emporium.
   207 | D:1      | Reached XP level 2. HP: 19/19 MP: 2/2
   548 | D:1      | Reached XP level 3. HP: 24/24 MP: 3/3
   971 | D:2      | Reached skill level 4 in Fighting
  1037 | D:2      | Found a shadowy altar of Dithmenos.
  1145 | D:2      | Reached XP level 4. HP: 27/29 MP: 4/4
  1635 | D:2      | Noticed Robin
  1653 | D:2      | Killed Robin
  1683 | D:2      | Reached XP level 5. HP: 34/34 MP: 5/5
  1902 | D:3      | Identified the +0 pair of boots "Wago" {Regen+ Str+2}
  2037 | D:3      | Identified the +1 cloak of Bedevilment {rElec}
  2137 | D:3      | Found Cowas's Antique Weapon Shop.
  2310 | D:3      | Reached skill level 5 in Fighting
  2400 | D:3      | Reached XP level 6. HP: 40/40 MP: 6/6
  2825 | D:3      | Reached skill level 6 in Fighting
  2825 | D:3      | Reached XP level 7. HP: 44/46 MP: 7/7
  2842 | D:3      | Reached skill level 5 in Armour
  3144 | D:4      | Found a staircase to the Ecumenical Temple.
  3157 | Temple   | Entered the Ecumenical Temple
  3456 | D:4      | Found an ornate altar of the Wu Jian Council.
  3456 | D:4      | Found a shimmering blue altar of Sif Muna.
  3457 | D:4      | Found a glowing silver altar of Zin.
  3458 | D:4      | Found a shimmering altar of Xom.
  3458 | D:4      | Found a shadowy altar of Dithmenos.
  3459 | D:4      | Found a hide-covered altar of Uskayaw.
  3460 | D:4      | Found an ancient bone altar of Kikubaaqudgha.
  3460 | D:4      | Found a glowing golden altar of the Shining One.
  3461 | D:4      | Found a basalt altar of Yredelemnul.
  3462 | D:4      | Found a broken altar of Ashenzari.
  3462 | D:4      | Found an opulent altar of Gozag.
  3468 | D:4      | Became a worshipper of the Shining One
  3604 | D:5      | Entered Level 5 of the Dungeon
  3760 | D:5      | Reached skill level 7 in Fighting
  3760 | D:5      | Reached skill level 1 in Invocations
  3848 | D:5      | Noticed Eustachio
  3889 | D:5      | Killed Eustachio
  3890 | D:5      | Reached XP level 8. HP: 53/53 MP: 9/9
  4062 | D:5      | Reached skill level 5 in Maces & Flails
  4243 | D:5      | Noticed Dowan
  4244 | D:5      | Noticed Duvessa
  4262 | D:5      | Killed Dowan
  4263 | D:5      | Reached skill level 8 in Fighting
  4264 | D:5      | Killed Duvessa
  4673 | D:6      | Reached XP level 9. HP: 60/60 MP: 12/12
  4916 | D:6      | Reached skill level 5 in Invocations
  4939 | D:6      | Reached * piety under the Shining One
  4993 | D:6      | Reached skill level 9 in Fighting
  5483 | D:6      | Found a runed translucent door.
  5531 | D:6      | Noticed snackwell's ghost (novice DgSh)
  5833 | D:7      | Noticed Pikel
  5915 | D:7      | Killed Pikel
  5984 | D:7      | Noticed Maurice
  5992 | D:7      | Maurice stole 4 javelins
  5995 | D:7      | Maurice stole a +0 morningstar
  6000 | D:7      | Maurice stole 387 gold
  6006 | D:7      | Killed Maurice
  6007 | D:7      | Reached skill level 10 in Fighting
  6007 | D:7      | Reached XP level 10. HP: 62/68 MP: 15/15
  6544 | D:8      | Found a staircase to the Lair.
  6922 | D:8      | Reached ** piety under the Shining One
  6970 | D:8      | Found an iron altar of Okawaru.
  7294 | D:9      | Noticed a kobold demonologist
  7300 | D:9      | Noticed a smoke demon
  7309 | D:9      | HP: 2/68 [red devil/+3 demon trident of pain[a kobold
                  | demonologist] (6)]
  7311 | D:9      | Engulfed by a smoke demon's steam

Illustrated notes

Levels and vault maps discovered:
D:1:      dpeg_arrival_connections, layout_basic, serial_shops,
          nicolae_shop_rolling_square, minivault_14
D:2:      layout_loops_ring, basic_altar, dreamdust_princess_bridge,
          serial_bayou_crossing, uniq_robin
D:3:      lemuel_castle_with_subvaults [lemuel_castle_interior_carwin_2],
          layout_basic, serial_shops, shop
D:4:      layout_rooms, nicolae_overflows_in_rows, minmay_temple_entry_tees
D:5:      layout_basic, uniq_duvessa, uniq_eustachio
D:6:      minmay_flawed_box, layout_layer_cave, ebering_ghost_reflecting_pool
D:7:      layout_loops_ring, uniq_maurice, uniq_pikel
D:8:      layout_cave_pools, hellmonk_okawaru_the_only_friend_you_need,
          david_lair_shrubbed, lemuel_flame_loot_1
D:9:      layout_stronghold, orc_0_dummy
Temple:   dpeg_chambers_temple

Skill      XL: |  1  2  3  4  5  6  7  8  9 10 |
---------------+-------------------------------+-----
Fighting       | 4 5 6 7 8 10 | 10.7
Armour         | 4 5 6 7 |  7.8
Shields        | 4 |  4.0
Maces & Flails | 3 4 5 6 |  6.7
Invocations    | 2 4 7 8 |  8.2

Action                     |  1- 3 |  4- 6 |  7- 9 | 10-12 || total
---------------------------+-------+-------+-------+-------++-------
  Melee: Flail             |   120 |    31 |       |       ||   151
         Whip              |       |   218 |   423 |   123 ||   764
  Throw: Javelin           |       |       |       |     2 ||     2
    Use: Potion            |       |       |       |     3 ||     3
 Armour: Scale mail        |    82 |    30 |       |       ||   112
         Plate armour      |       |    70 |       |       ||    70
         Chain mail        |       |    96 |   348 |   128 ||   572
  Dodge: Dodged            |    56 |   100 |   165 |    37 ||   358
  Block: Buckler           |    25 |    39 |   100 |    30 ||   194
